 Dungeon Crawl Stone Soup version 0.17.2-1-ge4368a0 (webtiles) character file.

1698 Goblin1989 the Cudgeler (level 9, -1/47 HPs)
             Began as a Vine Stalker Berserker on Oct 14, 2016.
             Was an Elder of Trog.
             Killed from afar by an electric eel (6 damage)
             ... with a bolt of electricity
             ... on level 6 of the Dungeon.
             The game lasted 00:24:10 (4940 turns).

Goblin1989 the Cudgeler (Vine Stalker Berserker)    Turns: 4940, Time: 00:24:12

Health: -1/47      AC: 13    Str: 22    XL:     9   Next: 3%
Magic:  0/10       EV:  7    Int:  7    God:    Trog [****..]
Gold:   311        SH:  0    Dex: 15    Spells: 0 memorised, 8 levels left

rFire  + . .     SeeInvis .     t - +4 whip (venom)
rCold  . . .     Clarity  .     n - +1 plate armour
rNeg   . . .     SustAt   .     (no shield)
rPois  .         Gourm    .     (no helmet)
rElec  .         Spirit   +     (no cloak)
rCorr  .         Warding  .     (no gloves)
rMut   .         Stasis   .     (no boots)
MR     +++..                    (no amulet)
Stlth  ..........               (no ring)
                                f - ring of protection from fire

@: regenerating, extremely resistant to hostile enchantments, extremely
unstealthy
A: fangs 3, regeneration 2, magic shield, antimagic bite, no device heal 3, rot
immunity
a: Berserk, Trog's Hand, Brothers in Arms, Burn Spellbooks, Renounce Religion


You were on level 6 of the Dungeon.
You worshipped Trog.
Trog was greatly pleased with you.
You were very hungry.

You visited 1 branch of the dungeon, and saw 6 of its levels.

You collected 311 gold pieces.

Inventory:

Hand Weapons
 t - a +4 whip of venom (weapon)
Missiles
 s - 4 tomahawks of dispersal (quivered)
 Z - 4 throwing nets {=f, !d}
Armour
 n - a +1 plate armour (worn)
Jewellery
 f - a ring of protection from fire (left hand)
Scrolls
 e - a scroll of fog {unknown}
 g - a scroll of immolation {unknown}
 h - 2 scrolls of recharging
 p - 2 scrolls of remove curse {@r2}
 r - 2 scrolls of teleportation {unknown}
 R - 2 scrolls of identify {@r1}
Potions
 b - a potion of mutation {!q}
 d - 4 potions of flight
 i - 3 potions of curing {unknown}
 k - a potion of haste {unknown}
 l - a potion of magic {unknown}
 m - a potion of poison {unknown}
 o - a potion of resistance
Comestibles
 c - 5 bread rations {@e1}
 j - 2 meat rations {@e2}


   Skills:
 + Level 5.5 Fighting
 * Level 7.9 Maces & Flails
 + Level 4.8 Armour
 - Level 1.5 Dodging


You had 8 spell levels left.
You didn't know any spells.

Dungeon Overview and Level Annotations

Branches:
Dungeon (6/15)             Temple (0/1) D:6

Altars:
Gozag
Nemelex Xobeh
Okawaru
Sif Muna
Trog
The Shining One


Innate Abilities, Weirdness & Mutations

You have razor-sharp teeth.
You heal very quickly.
When hurt, damage is shared between your health and your magic reserves.
Your bite disrupts and absorbs the magic of your enemies.
Potions and wands cannot restore your health.
You are immune to rotting.


Message History

* * * LOW HITPOINT WARNING * * *
The bolt of electricity hits you!
* * * LOW HITPOINT WARNING * * *
The bolt of electricity hits the electric eel.
The electric eel completely resists.
The bolt of electricity hits the electric eel.
The electric eel completely resists.
You take 15 damage, and have 2/47 hp.
MASSIVE DAMAGE!!
You now have 0/10 mp.
You hit the electric eel.
The electric eel is poisoned.
Your bite misses the electric eel.
The electric eel is moderately wounded.
You hit the electric eel.
The electric eel looks even sicker.
The electric eel is heavily wounded.
You hit the electric eel.
You bite the electric eel, but do no damage.
The electric eel is almost dead.
You are feeling very hungry.
The electric eel shoots out a bolt of lightning at you!
The bolt of electricity misses you. The bolt of electricity hits you!
You die...

...ਜ....≈≈≈≈≈.≈≈≈≈
.......... ....... ..ਜ....≈≈
≈≈.≈≈≈ ..ਜ...≈ਜ ਜ≈.≈ਜ
ਜ....≈ਜ ਜ≈.≈ਜ ≈
ਜ...≈ਜਜਜ≈.≈ਜਜਜ≈.≈
ਜ..≈≈≈≈≈.≈≈≈≈≈.≈
ਜ.......@.......
ਜ..≈≈≈≈≈.;≈≈≈≈.≈
ਜ>.≈ਜਜਜ≈.≈ਜਜਜ≈.≈ਜ .≈ ਜ..≈ਜ
ਜ≈.≈ਜ ਜ≈.≈ਜ ≈.≈
ਜਜਜਜਜ..≈ਜਜਜ≈.≈ਜਜਜ≈.≈ਜਜਜ≈.≈
ਜ......≈≈≈≈≈.≈≈≈≈≈.≈≈≈≈≈.≈
ਜ.ਜਜਜਜ......................
ਜ.ਜ ਜ.≈≈≈≈≈.≈≈≈≈≈.≈≈≈≈≈.≈≈
ਜ.ਜਜਜਜ.≈ਜਜਜ≈.≈ਜ ਜ≈.≈ਜ ਜ≈.≈ਜ


You could see an electric eel.

Vanquished Creatures
  Menkaure (D:4)
  2 ice beasts (D:5)
  A sky beast (D:5)
  A centaur (D:6)
  2 ogres
  A giant frog (D:5)
  A gnoll sergeant (D:4)
  2 scorpions (D:5)
  An electric eel (D:6)
  2 gnoll shamans (D:4)
  2 crimson imps (D:5)
  A hound (D:5)
  An orc priest (D:4)
  An orc wizard (D:5)
  2 iguanas
  2 worker ants
  33 gnolls
  4 adders
  3 worms
  8 giant geckos
  8 orcs
  9 bats
  9 giant cockroaches
  4 hobgoblins
  28 jackals
  3 quokkas
  A ball python (D:3)
  7 giant newts
  7 goblins
  7 kobolds
  7 rats
161 creatures vanquished.

Notes
Turn   | Place    | Note
--------------------------------------------------------------
     0 | D:1      | Goblin1989 the Vine Stalker Berserker began the quest for the Orb.
     0 | D:1      | Reached XP level 1. HP: 11/11 MP: 2/2
    64 | D:1      | Reached skill level 3 in Maces & Flails
   268 | D:1      | Reached XP level 2. HP: 10/16 MP: 3/3
   796 | D:2      | Reached ** piety under Trog
   817 | D:2      | Reached XP level 3. HP: 19/19 MP: 4/4
  1404 | D:2      | Reached XP level 4. HP: 24/24 MP: 3/5
  1820 | D:3      | Reached skill level 4 in Maces & Flails
  2056 | D:3      | Found a sparkling altar of Nemelex Xobeh.
  2411 | D:4      | Reached *** piety under Trog
  2452 | D:5      | Entered Level 5 of the Dungeon
  2452 | D:5      | Noticed a sky beast
  2459 | D:5      | Found a deep blue altar of Sif Muna.
  2468 | D:5      | Reached XP level 5. HP: 28/28 MP: 4/6
  2477 | D:5      | Killed a sky beast
  2477 | D:5      | Gained mutation: You heal very quickly. [Vine Stalker growth]
  2477 | D:5      | Reached XP level 6. HP: 21/32 MP: 4/7
  2578 | D:5      | Reached skill level 5 in Maces & Flails
  2653 | D:5      | Noticed an ice beast
  2683 | D:5      | Killed an ice beast
  2683 | D:5      | Reached XP level 7. HP: 21/37 MP: 5/8
  2851 | D:5      | Noticed an ice beast
  2868 | D:5      | Killed an ice beast
  2868 | D:5      | Reached skill level 6 in Maces & Flails
  2906 | D:5      | Found a bloodstained altar of Trog.
  2920 | D:5      | Noticed an ogre
  2927 | D:5      | Killed an ogre
  3073 | D:5      | Found an opulent altar of Gozag.
  3073 | D:5      | Found a glowing golden altar of the Shining One.
  3345 | D:6      | Found a staircase to the Ecumenical Temple.
  3382 | D:6      | Gained mutation: You have razor-sharp teeth. [Vine Stalker growth]
  3382 | D:6      | Reached XP level 8. HP: 16/42 MP: 6/9
  3624 | D:4      | Reached **** piety under Trog
  3666 | D:4      | Found an iron altar of Okawaru.
  3770 | D:4      | Received a gift from Trog
  3795 | D:4      | Noticed a gnoll sergeant
  3819 | D:4      | Killed a gnoll sergeant
  3819 | D:4      | Reached skill level 5 in Fighting
  3821 | D:4      | Reached skill level 7 in Maces & Flails
  3905 | D:4      | Noticed an ogre
  3911 | D:4      | Killed an ogre
  4691 | D:4      | Noticed Menkaure
  4696 | D:4      | Killed Menkaure
  4696 | D:4      | Reached XP level 9. HP: 24/47 MP: 10/10
  4937 | D:6      | HP: 2/47 [electric eel/bolt of electricity (7)]
  4940 | D:6      | Killed from afar by an electric eel

Action                   |  1- 3 |  4- 6 |  7- 9 || total
-------------------------+-------+-------+-------++-------
Melee: Mace              |   122 |   138 |   291 ||   551
       Whip              |       |       |    55 ||    55
Invok: Berserk           |     1 |     1 |     3 ||     5
       Trog's Hand       |       |       |     2 ||     2
  Use: Scroll            |       |     9 |     1 ||    10
  Eat: Chunk             |     1 |     7 |     9 ||    17
       Beef jerky        |       |       |     1 ||     1

Vault maps used:
D:1:      lightli_arrival_noodles
D:3:      nicolae_overflow_crystal_walls
D:4:      lemuel_castle_with_subvaults, okawaru_trees_1, first_bread,
          uniq_menkaure
D:5:      kennysheep_mini_moat, kennysheep_little_box,
          gammafunk_temple_overflow_wave, bh_chokoban, minivault_26,
          minmay_misc_feat_four_crosses
D:6:      kennysheep_big_flooded_room, lemuel_coloured_pillars_altar,
          minmay_temple_entry_from_below_a, kennysheep_boxes
